 Dungeon Crawl Stone Soup version 0.30-a0-830-gfe289a77b0 (webtiles) character file.

Game seed: 10526375855653673572

1341 sircluck the Poker (level 8, -5/64 HPs)
             Began as a Gnoll Reaver on Feb 28, 2023.
             Slain by a killer bee (7 damage)
             ... on level 6 of the Dungeon.
             The game lasted 00:09:39 (5566 turns).

sircluck the Poker (Gnoll Reaver)                   Turns: 5566, Time: 00:09:39

Health: -5/64      AC:  4    Str: 16    XL:     8   Next: 62%
Magic:  17/17      EV: 13    Int: 13    God:
Gold:   405        SH:  0    Dex: 11    Spells: 13/19 levels left

rFire   . . .      SeeInvis .    y - +10 falchion of the Big Fish {freeze, Fragile rN+ Will+ Str+3}
rCold   . . .      Faith    .    (no shield)
rNeg    + . .      Spirit   .    b - +0 leather armour
rPois   .          Reflect  .    l - +0 helmet
rElec   .          Harm     .    (no cloak)
rCorr   .          Rampage  .    (no gloves)
Will    +....                    (no boots)
Stlth   ++                       (no amulet)
HPRegen 0.30/turn                (no ring)
MPRegen 0.15/turn                (no ring)

@: lethally poisoned (-5 -> -27)
A: fangs 1, strong nose, distributed training
a: no special abilities


You were on level 6 of the Dungeon.
You visited 2 branches of the dungeon, and saw 7 of its levels.

You collected 405 gold pieces.

Inventory:

Hand Weapons
 a - a +0 spear
 o - a +0 war axe
 q - a +0 scythe
 u - a +2 vampiric dagger
 y - the +10 falchion of the Big Fish (weapon) {freeze, Fragile rN+ Will+ Str+3}
   (You found it on level 3 of the Dungeon)

   Str:       It affects your strength (+3).
   rN:        It protects you from negative energy.
   Fragile:   It will be destroyed if unequipped.
   Will:      It increases your willpower.
 D - a +2 short sword of electrocution
Missiles
 j - 55 stones
 m - 13 poisoned darts
 J - 6 javelins
Armour
 b - a +0 leather armour (worn)
 l - a +0 helmet (worn)
 F - a +0 pair of boots
Magical Staves
 v - a staff of poison
Jewellery
 E - a ring of wizardry
 H - a ring of protection from cold
 I - a +6 ring of intelligence
Scrolls
 c - 2 scrolls of blinking {unknown}
 d - 10 scrolls of identify {unknown}
 e - 2 scrolls of enchant weapon {unknown}
 i - 4 scrolls of amnesia {unknown}
 k - 2 scrolls of noise {unknown}
 s - 4 scrolls of fear {unknown}
 w - a scroll of brand weapon {unknown}
 x - 2 scrolls of fog {unknown}
 A - 2 scrolls of magic mapping {unknown}
 B - 2 scrolls of teleportation {unknown}
 C - 3 scrolls of immolation {unknown}
 G - a scroll of vulnerability {unknown}
Potions
 f - 2 potions of degeneration
 g - 2 potions of lignification {unknown}
 h - 3 potions of brilliance {unknown}
 n - 2 potions of might {unknown}
 p - a potion of ambrosia {unknown}
 r - 2 potions of heal wounds {unknown}
 t - 3 potions of curing {unknown}
 z - a potion of resistance {unknown}


   Skills:
 + Level 5.9 Fighting
 + Level 3.5 Short Blades
 + Level 3.5 Long Blades
 + Level 3.5 Axes
 + Level 3.5 Maces & Flails
 + Level 7.5 Polearms
 + Level 3.5 Staves
 + Level 3.5 Ranged Weapons
 + Level 3.5 Throwing
 + Level 3.5 Armour
 + Level 5.9 Dodging
 + Level 3.5 Stealth
 + Level 3.5 Shields
 + Level 3.5 Unarmed Combat
 + Level 6.2 Spellcasting
 + Level 6.2 Conjurations
 + Level 2.9 Hexes
 + Level 2.9 Summonings
 + Level 2.9 Necromancy
 + Level 2.9 Translocations
 + Level 2.9 Transmutations
 + Level 2.9 Fire Magic
 + Level 2.9 Ice Magic
 + Level 2.9 Air Magic
 + Level 2.9 Earth Magic
 + Level 2.9 Poison Magic
 + Level 3.9 Invocations
 + Level 3.5 Evocations


You had 13 spell levels left.
You knew the following spells:

 Your Spells              Type           Power      Damage    Failure   Level
a - Kiss of Death         Conj/Necr      64%        2d10      3%          1
b - Momentum Strike       Conj/Tloc      32%        3d8       4%          2
c - Hailstorm             Conj/Ice       16%        3d6       9%          3

Your spell library contained the following spells:

 Spells                   Type           Power      Damage    Failure   Level


Dungeon Overview and Level Annotations

Branches:
Dungeon (6/15)             Temple (1/1) D:4

Altars:
Cheibriados
Dithmenos
Elyvilon
Gozag
Hepliaklqana
Kikubaaqudgha
Nemelex Xobeh
Okawaru
Qazlal
Ru
Sif Muna
Uskayaw
Vehumet
Wu Jian
Xom
Zin
The Shining One

Shops:
D:2 [((?*


Innate Abilities, Weirdness & Mutations

You have very sharp teeth.
Your uncanny sense of smell can sniff out nearby items.
Your experience applies equally to all skills.


Message History

The killer bee barely misses you. x2; The killer bee closely misses you.
The killer bee barely misses you. The killer bee stings you!
You are more poisoned.
The killer bee poisons you! The killer bee barely misses you.
The white imp hits you but does no damage.
The killer bee closely misses you. The killer bee misses you.
The killer bee stings you.
You are more poisoned.
The killer bee poisons you! The killer bee stings you.
You are too injured to fight recklessly!
You are too injured to fight recklessly!
You are too injured to fight recklessly!
You are too injured to fight recklessly!
You are too injured to fight recklessly!
You are too injured to fight recklessly!
You are too injured to fight recklessly!
You are too injured to fight recklessly!
You are too injured to fight recklessly!
You are too injured to fight recklessly!
You are too injured to fight recklessly!
You are too injured to fight recklessly!
The killer bee attacks as you move away!
The killer bee barely misses you.
* * * LOW HITPOINT WARNING * * *
You feel very sick. The killer bee barely misses you.
The killer bee misses you. x2
The killer bee stings you.
* * * LOW HITPOINT WARNING * * *
The killer bee attacks as you move away!
The killer bee misses you.
The killer bee attacks as you move away!
The killer bee stings you.
* * * LOW HITPOINT WARNING * * *
You are more poisoned.
The killer bee poisons you!
* * * LOW HITPOINT WARNING * * *
You feel extremely sick.
The killer bee stings you but does no damage.
The killer bee stings you!
You die...

#.. ..#.#...#
......_....#
.. .#.#..#
####.##.....#
#....##.....#
#....†l...#
#......y..#
#.....y.5.#
#...#.y@y.#
#...#.y...#
#...#.....#
#<..#.....#
##.##.......
#.#########
..# .## ..


You could see an iguana, 5 killer bees and a white imp.

Vanquished Creatures
  Sigmund (D:2)
  A water moccasin (D:5)
  An ice beast (D:4)
  A black bear (D:5)
  A centaur (D:4)
  An ogre (D:5)
  A phantom (D:5)
  2 necrophages
  A killer bee (D:6)
  A gnoll bouda (D:4)
  A hound (D:5)
  2 jellies (D:5)
  2 iguanas (D:5)
  3 orc wizards
  8 gnolls
  6 adders
  2 worms (D:3)
  2 dart slugs
  9 orcs
  11 bats
  6 endoplasms
  7 giant cockroaches
  6 goblins
  7 hobgoblins
  6 jackals
  5 quokkas
  8 ball pythons
  A frilled lizard (D:1)
  10 kobolds
  8 rats
121 creatures vanquished.

Vanquished Creatures (others)
  5 plants (D:2)
5 creatures vanquished.

Grand Total: 126 creatures vanquished

Notes
Turn   | Place    | Note
-------+----------+-------------------------------------------
     0 | D:1      | sircluck the Gnoll Reaver began the quest for the Orb.
     0 | D:1      | Reached XP level 1. HP: 20/20 MP: 6/6
   109 | D:1      | Reached XP level 2. HP: 24/26 MP: 7/7
   533 | D:1      | Reached skill level 5 in Spellcasting
   533 | D:1      | Reached XP level 3. HP: 30/31 MP: 7/9
   759 | D:1      | Reached skill level 1 in Invocations
   989 | D:2      | Found Xuucowai's Antique Weapon Shop.
  1096 | D:2      | Found Ixinnu Vita's Antique Armour Shop.
  1243 | D:2      | Reached skill level 1 in Short Blades
  1243 | D:2      | Reached skill level 1 in Long Blades
  1243 | D:2      | Reached skill level 1 in Axes
  1243 | D:2      | Reached skill level 1 in Maces & Flails
  1243 | D:2      | Reached skill level 1 in Staves
  1243 | D:2      | Reached skill level 1 in Ranged Weapons
  1243 | D:2      | Reached skill level 1 in Throwing
  1243 | D:2      | Reached skill level 1 in Armour
  1243 | D:2      | Reached skill level 1 in Stealth
  1243 | D:2      | Reached skill level 1 in Shields
  1243 | D:2      | Reached skill level 1 in Unarmed Combat
  1243 | D:2      | Reached skill level 1 in Evocations
  1246 | D:2      | Noticed Sigmund
  1277 | D:2      | Killed Sigmund
  1278 | D:2      | Reached skill level 1 in Hexes
  1278 | D:2      | Reached skill level 1 in Summonings
  1278 | D:2      | Reached skill level 1 in Necromancy
  1278 | D:2      | Reached skill level 1 in Translocations
  1278 | D:2      | Reached skill level 1 in Transmutations
  1278 | D:2      | Reached skill level 1 in Fire Magic
  1278 | D:2      | Reached skill level 1 in Ice Magic
  1278 | D:2      | Reached skill level 1 in Air Magic
  1278 | D:2      | Reached skill level 1 in Earth Magic
  1278 | D:2      | Reached skill level 1 in Poison Magic
  1278 | D:2      | Reached XP level 4. HP: 24/38 MP: 11/11
  1278 | D:2      | Reached XP level 5. HP: 28/43 MP: 12/12
  1449 | D:2      | Reached XP level 6. HP: 50/50 MP: 13/13
  1466 | D:2      | Found Anoluge's Magic Scroll Boutique.
  1596 | D:2      | Found Gaorute's Antique Weapon Shoppe.
  1625 | D:2      | Found Xycubief's Assorted Antiques.
  1992 | D:2      | Learned a level 2 spell: Momentum Strike
  1996 | D:2      | Learned a level 3 spell: Hailstorm
  2352 | D:3      | Found a glowing golden altar of the Shining One.
  2373 | D:3      | Found a snail-covered altar of Cheibriados.
  2510 | D:3      | Found a shimmering blue altar of Sif Muna.
  2532 | D:3      | Found a sparkling altar of Nemelex Xobeh.
  2611 | D:3      | Found an iron altar of Okawaru.
  2621 | D:3      | Identified the +10 falchion of the Big Fish {freeze,
                  | Fragile rN+ Will+ Str+3}
  2770 | D:3      | Reached skill level 5 in Fighting
  2770 | D:3      | Reached skill level 5 in Dodging
  2937 | D:3      | Found an ancient bone altar of Kikubaaqudgha.
  3098 | D:4      | Found a staircase to the Ecumenical Temple.
  3364 | D:4      | Found a radiant altar of Vehumet.
  3395 | D:4      | Reached XP level 7. HP: 56/56 MP: 15/15
  3401 | D:4      | Found a sacrificial altar of Ru.
  3420 | D:4      | Reached skill level 7 in Polearms
  4164 | Temple   | Entered the Ecumenical Temple
  4403 | D:5      | Entered Level 5 of the Dungeon
  4442 | D:5      | Reached XP level 8. HP: 20/63 MP: 16/16
  4857 | D:5      | HP: 1/64 [gnoll/+0 halberd (9)]
  5558 | D:6      | Found an ornate altar of the Wu Jian Council.
  5566 | D:6      | HP: 2/64 [poisoned by a killer bee]
  5566 | D:6      | Slain by a killer bee

Illustrated notes

Levels and vault maps discovered:
D:1:      dreamdust_arrival_sigmund_warning, layout_rooms, glass_columns_b,
          chequers_decorated_corner, minmay_misc_feat_five, minivault_5
D:2:      cheibrodos_old_hovel, layout_loops_corners, serial_shops,
          nicolae_shop_overgrown_old_shop, shop, nicolae_shop_trees,
          nicolae_shop_waterfront, shop_fountains, kennysheep_generic_room_13,
          uniq_sigmund
D:3:      minmay_door_path, layout_rooms, nicolae_sif_muna_condensation,
          okawaru_ov_weapons_minmay, lemuel_round_altar,
          mainiacjoe_overflow_concentric_impassable,
          mainiacjoe_overflow_big_doors, minmay_door_square,
          minmay_misc_feat_four_crosses, kennysheep_path_1, feat_on_display
D:4:      layout_loops_ring, mainiacjoe_overflow_catch_the_wave,
          minmay_temple_entry_glassed_door
D:5:      nicolae_cairo_tiling, layout_basic
D:6:      layout_rooms, lemuel_zombie_altar_yredelemnul, lemuel_crystal_altar,
          serial_co_window_serial, co_window_corner_a, co_window_corner_a,
          co_window_paths_a, co_window_paths_a, co_window_corner_a,
          co_window_corner_cb, co_window_corner_cb, co_window_corner_b,
          co_window_broadway_a, co_window_broadway_a,
          co_window_of_opportunity_b, co_window_paths_d, enter_ossuary_1
Temple:   nicolae_temple_colour_theory

Skill      XL: |  1  2  3  4  5  6  7  8 |
---------------+-------------------------+-----
Spellcasting   | 5 6 |  6.2
Invocations    | 2 3 |  3.9
Short Blades   | 1 2 3 |  3.5
Long Blades    | 1 2 3 |  3.5
Axes           | 1 2 3 |  3.5
Maces & Flails | 1 2 3 |  3.5
Staves         | 1 2 3 |  3.5
Ranged Weapons | 1 2 3 |  3.5
Throwing       | 1 2 3 |  3.5
Armour         | 1 2 3 |  3.5
Stealth        | 1 2 3 |  3.5
Shields        | 1 2 3 |  3.5
Unarmed Combat | 1 2 3 |  3.5
Evocations     | 1 2 3 |  3.5
Hexes          | 1 2 |  2.9
Summonings     | 1 2 |  2.9
Necromancy     | 1 2 |  2.9
Translocations | 1 2 |  2.9
Transmutations | 1 2 |  2.9
Fire Magic     | 1 2 |  2.9
Ice Magic      | 1 2 |  2.9
Air Magic      | 1 2 |  2.9
Earth Magic    | 1 2 |  2.9
Poison Magic   | 1 2 |  2.9
Fighting       | 5 |  5.9
Dodging        | 5 |  5.9
Polearms       | 7 |  7.5
Conjurations   | 6 |  6.2

Action                     |  1- 3 |  4- 6 |  7- 9 || total
---------------------------+-------+-------+-------++-------
  Melee: Spear             |   199 |    33 |       ||   232
         Bite              |    12 |     5 |     9 ||    26
         Punch             |     3 |     2 |       ||     5
         Dagger            |       |    54 |       ||    54
         Falchion          |       |    30 |   111 ||   141
    Use: Potion            |       |       |     1 ||     1
   Stab: Sleeping          |       |     2 |     2 ||     4
 Armour: Leather armour    |    52 |    26 |    21 ||    99
  Dodge: Dodged            |   129 |    69 |   101 ||   299

Table legend: (Time is in decaauts)
 A = Elapsed time spent in this place.
 B = Non-inter-level travel time spent in this place.
 C = Inter-level travel time spent in this place.
 D = Time resting spent in this place.
 E = Time spent auto-exploring this place.
 F = Levels seen in this place.
 G = Mean time per level.
                   A        B        C        D        E       F      G
               +--------+--------+--------+--------+--------+-----+--------+
         Total |   5535 |   5249 |    286 |    376 |   3787 |   7 |  790.7 |
       Dungeon |   5380 |   5094 |    286 |    376 |   3723 |   6 |  896.7 |
        Temple |    154 |    154 |      0 |      0 |     64 |   1 |  154.0 |
               +--------+--------+--------+--------+--------+-----+--------+

Top non-repeatable levels by time:
     D:4: 1258 daAuts
     D:5: 1153 daAuts
     D:2: 1088 daAuts
     D:1: 944 daAuts
     D:3: 923 daAuts
  Temple: 154 daAuts
     D:6: 12 daAuts
